AoeStats
← APPS Gamblear

Baltic

510913720Analyzed
2v2 RM · 19h ago on Oct 3, 2026· 33m 15s· 4 players
Game mode
Random Map
Map size
Medium (4 player)
Population
200
Speed
Normal
Resources
Standard
Victory
Conquest
Starting age
Dark Age
Ending age
Imperial Age
RankedLock teamsTeams togetherTeam positionsShared explorationLock speedFull tech treeHidden civsTurbo modeCheats
Victory
Defeat
🇦🇷 Lithuanians · Argentina
1006
+17
🇦🇷 Poles · Argentina
964
+53
🇺🇸 Bulgarians · United States
1045
-18
🇲🇽 Huns · Mexico
1018
-18
APPS SantiMedia
5:10 Loom
12:14 Feudal Age
14:54 Double-Bit Axe
16:27 Fishing Lines
20:52 Wheelbarrow
24:50 Castle Age
22:37 Town Watch
25:19 Scale Barding Armor
25:24 Forging
26:32 Bloodlines
26:22 Husbandry
26:37 Gillnets
27:43 Bow Saw
28:49 Chain Barding Armor
29:05 Iron Casting
APPS Gamblear
8:10 Loom
12:32 Feudal Age
13:17 Double-Bit Axe
28:18 Horse Collar
29:00 Bloodlines
31:52 Castle Age
30:09 Fletching
30:19 Padded Archer Armor
32:32 Bodkin Arrow
32:52 Leather Archer Armor
Clurnt Kennedy
Dava31120
8:42 Loom
10:57 Feudal Age
11:38 Double-Bit Axe
12:34 Horse Collar
13:44 Bloodlines
17:56 Scale Barding Armor
18:22 Fletching
20:17 Forging
24:14 Castle Age
23:07 Gold Mining
24:52 Bodkin Arrow
25:34 Bow Saw
27:07 Light Cavalry
28:35 Gold Shaft Mining
28:37 Husbandry
29:14 Thumb Ring
30:15 Ballistics
Connection lost

Rejoining the realm…

Still unreachable

The connection could not be restored.

Session expired

The server has moved on; the page needs a fresh start.